 Dungeon Crawl Stone Soup version 0.23.2 (webtiles) character file.

Game seed: 7465212394270985139

5984 Marnok the Cleaver (level 10, -2/88 HPs)
             Began as a Minotaur Fighter on Apr 3, 2019.
             Slain by a cyan ugly thing (14 damage)
             ... on level 10 of the Dungeon.
             The game lasted 00:30:01 (8521 turns).

Marnok the Cleaver (Minotaur Fighter)               Turns: 8521, Time: 00:30:01

Health: -2/88      AC: 14    Str: 23    XL:     10   Next: 55%
Magic:  9/9        EV: 11    Int:  5    God:
Gold:   446        SH: 12    Dex:  9    Spells: 8/9 levels left

rFire    . . .     SeeInvis .   e - +2 mace (holy)
rCold    . . .     Gourm    .   t - +0 shield
rNeg     . . .     Faith    .   y - +0 scale mail
rPois    .         Spirit   .   (helmet restricted)
rElec    .         Reflect  .   r - +2 cloak
rCorr    .         Harm     .   p - +0 pair of gloves
MR       .....                  (no boots)
Stlth    ..........             s - amulet of magic regeneration
HPRegen  0.24/turn              o - ring of wizardry
MPRegen  0.36/turn              (no ring)

@: no status effects
A: retaliatory headbutt, horns 2, talons 1, molten scales 1, weak 1, subdued
magic 1
a: no special abilities


You were on level 10 of the Dungeon.
You were not hungry.

You visited 1 branch of the dungeon, and saw 9 of its levels.
You also visited: Bailey.

You collected 546 gold pieces.
You spent 100 gold pieces at shops.

Inventory:

Hand Weapons
 a - a +0 war axe
 e - a +2 mace of holy wrath (weapon)
 l - a +2 dire flail of protection
 v - a +1 trident of venom
 x - a +2 spear of freezing
Missiles
 d - 28 tomahawks of returning (quivered)
Armour
 p - a +0 pair of gloves (worn)
 r - a +2 cloak (worn)
 t - a +0 shield (worn)
 y - a +0 scale mail (worn)
 C - a +0 scale mail of cold resistance
Jewellery
 c - an uncursed amulet of harm
 o - a ring of wizardry (left hand)
 s - an amulet of magic regeneration (around neck)
Wands
 n - a wand of paralysis (3)
 q - a wand of random effects (21)
 u - a wand of disintegration (12)
 w - a wand of polymorph (1)
Scrolls
 b - a scroll of fear
 h - 2 scrolls of enchant armour
 j - 2 scrolls of remove curse
 k - 4 scrolls of identify
 m - a scroll of amnesia
 A - a scroll of random uselessness
Potions
 g - a potion of brilliance
 i - a potion of lignification {unknown}
 z - 2 potions of cancellation {unknown}
 D - a potion of ambrosia {unknown}
 E - 2 potions of magic
Comestibles
 f - 13 rations
 B - 4 chunks of flesh


   Skills:
 + Level 8.1 Fighting
 + Level 10.5(11.0) Axes
 + Level 5.3(8.6) Maces & Flails
 + Level 1.8 Throwing
 + Level 7.9 Armour
 + Level 4.7 Dodging
 + Level 0.6 Stealth
 + Level 10.0 Shields
 + Level 0.6 Evocations


You had 8 spell levels left.
You knew the following spells:

 Your Spells              Type           Power        Failure   Level  Hunger
a - Apportation           Tloc           #.....       58%         1    ##.....

Your spell library contained the following spells:

 Spells                   Type           Power        Failure   Level  Hunger
 Animate Skeleton         Necr           N/A          58%         1    ##.....
 Confusing Touch          Hex            #.....       58%         1    ##.....
 Magic Dart               Conj           #...         58%         1    ##.....
 Shock                    Conj/Air       #...         58%         1    ##.....
 Summon Small Mammal      Summ           #...         58%         1    ##.....
 Blink                    Tloc           N/A          73%         2    ###....
 Call Imp                 Summ           #.......     73%         2    ###....
 Slow                     Hex            #.......     73%         2    ###....
 Swiftness                Chrm/Air       #.......     73%         2    ###....
 Conjure Flame            Conj/Fire      #.......     91%         3    ####...
 Mephitic Cloud           Conj/Pois/Air  #.......     91%         3    ####...
 Static Discharge         Conj/Air       #.......     91%         3    ####...
 Airstrike                Air            #.........   100%        4    #####..
 Lightning Bolt           Conj/Air       #.........   100%        5    ######.


Dungeon Overview and Level Annotations

Branches:
Dungeon (10/15)            Temple (0/1) D:5
   Lair: D:8-11         Orc: D:9-12

Altars:
Ashenzari
Dithmenos
Fedhas
Kikubaaqudgha
Makhleb
Sif Muna
Trog
Uskayaw
The Shining One

Shops:
D:5 [

Annotations:
D:3 1 runed translucent door, Tutankhamun's ghost, amateur DrAE


Innate Abilities, Weirdness & Mutations

You reflexively headbutt those who attack you in melee.
You have a pair of horns on your head.
You have sharp toenails.
You are partially covered in molten scales. (AC +2)
You are weak. (Str -2)
Your spells are a little easier to cast, but a little less powerful.


Message History

You block the white ugly thing's attack.
The cyan ugly thing completely misses you.
You closely miss the cyan ugly thing. Your kick misses the cyan ugly thing.
The cyan ugly thing is lightly wounded.
The white ugly thing punches you! The white ugly thing freezes you!!
A cyan ugly thing comes into view.
The cyan ugly thing kicks you. The cyan ugly thing shocks you!
* * * LOW HITPOINT WARNING * * *
As you read the scroll labeled WIJUZE QACS, it crumbles to dust.
You assume a fearsome visage.
The cyan ugly thing looks frightened!
The white ugly thing looks frightened! x2; It was a scroll of fear.
As you read the scroll labeled ISKAAN DYI, it crumbles to dust.
You hear the ringing of an enormous bell.
It was a scroll of random uselessness.
You block the cyan ugly thing's attack. You block the cyan ugly thing's attack.
The cyan ugly thing kicks you but does no damage.
The cyan ugly thing kicks you.
* * * LOW HITPOINT WARNING * * *
The cyan ugly thing shocks you!
You die...

#................
#................
####........########
..........##
#........## #.......##
#.......# #......÷#
#...@...# ≈ #....u..#
##.......##
#..........##
#...........##
#............###
#..............########
#.....................#
#......................


You could see a cyan ugly thing.

Vanquished Creatures
  A queen bee (D:8)
  A hornet (D:9)
  A slime creature (D:8)
  A hippogriff (D:9)
  Sigmund (D:4)
  A wyvern (D:8)
  4 yaks (D:9)
  2 hungry ghosts
  6 orc warriors (Bailey)
  An ice beast (D:8)
  5 black bears
  An ogre (D:4)
  4 centaurs
  3 bullfrogs
  13 killer bees (D:8)
  9 wights
  3 howler monkeys
  3 crimson imps
  6 hounds
  4 jellies
  A gnoll shaman (D:5)
  4 orc priests
  4 orc wizards
  Natasha (twice) (D:3)
  An iguana (D:8)
  6 worker ants
  A hound zombie (D:7)
  2 worker ant zombies (D:7)
  A howler monkey skeleton (D:9)
  8 gnolls
  8 adders
  A shadow imp (D:5)
  19 oozes (D:8)
  An adder skeleton (D:4)
  4 dart slugs
  2 worms (D:2)
  8 leopard geckos
  18 orcs
  2 ball pythons (D:2)
  7 bats
  7 giant cockroaches
  13 goblins
  15 hobgoblins
  6 jackals
  20 kobolds
  A quokka (D:9)
  7 frilled lizards
  A jackal skeleton (D:7)
  A quokka skeleton (D:8)
  A quokka zombie (D:9)
  7 rats
249 creatures vanquished.

Vanquished Creatures (others)
  Robin (D:3)
  An orc (D:3)
  8 goblins (D:3)
  A hobgoblin (D:3)
  2 fungi (D:8)
13 creatures vanquished.

Grand Total: 262 creatures vanquished

Notes
Turn   | Place    | Note
-------+----------+-------------------------------------------
     0 | D:1      | Marnok the Minotaur Fighter began the quest for the Orb.
     0 | D:1      | Reached XP level 1. HP: 19/19 MP: 0/0
    81 | D:1      | Reached XP level 2. HP: 25/27 MP: 1/1
   208 | D:1      | Reached XP level 3. HP: 28/33 MP: 2/2
   670 | D:2      | Reached XP level 4. HP: 33/40 MP: 3/3
   707 | D:2      | Found a deep blue altar of Sif Muna.
  1037 | D:2      | Reached skill level 1 in Dodging
  1521 | D:3      | Killed Robin
  1657 | D:3      | Found a runed translucent door.
  1664 | D:3      | Noticed Tutankhamun's ghost (amateur DrAE)
  1764 | D:3      | Noticed Natasha
  1771 | D:3      | Killed Natasha
  1771 | D:3      | Reached XP level 5. HP: 47/47 MP: 4/4
  2023 | D:3      | Gained mutation: You expend magic power (3 MP) to
                  | strengthen your wands. [potion of mutation]
  2023 | D:3      | Gained mutation: You evolve. [potion of mutation]
  2309 | D:3      | Noticed Natasha
  2321 | D:3      | Killed Natasha
  2321 | D:3      | Reached skill level 5 in Shields
  2340 | D:4      | Noticed Sigmund
  2347 | D:4      | Noticed an ogre
  2351 | D:4      | Killed Sigmund
  2351 | D:4      | Reached skill level 5 in Axes
  2351 | D:4      | Reached skill level 5 in Armour
  2351 | D:4      | Reached XP level 6. HP: 38/53 MP: 5/5
  2363 | D:4      | Reached XP level 7. HP: 35/60 MP: 6/6
  2798 | D:4      | Found a blossoming altar of Fedhas.
  3013 | D:5      | Entered Level 5 of the Dungeon
  3015 | D:5      | Found a deep blue altar of Sif Muna.
  3015 | D:5      | Found a shadowy altar of Dithmenos.
  3015 | D:5      | Found a hide-covered altar of Uskayaw.
  3015 | D:5      | Found an ancient bone altar of Kikubaaqudgha.
  3032 | D:5      | Found a burning altar of Makhleb.
  3100 | D:5      | Gained mutation: Your system is resistant to poisons.
                  | (rPois) [evolution]
  3148 | D:5      | Found a staircase to the Ecumenical Temple.
  3152 | D:5      | Reached skill level 5 in Fighting
  3267 | D:5      | Found Pommeze's Antique Armour Boutique.
  3270 | D:5      | Bought a scale mail for 100 gold pieces
  3629 | D:5      | You fall through a shaft for 2 floors!
  3720 | D:7      | Reached XP level 8. HP: 55/68 MP: 7/7
  3851 | D:7      | Found a glowing golden altar of the Shining One.
  3907 | D:7      | Found a flagged portal.
  3914 | Bailey   | Entered a bailey
  3919 | Bailey   | Noticed an orc warlord
  4371 | Bailey   | Found a runed translucent gate.
  4371 | Bailey   | Found a runed translucent gate.
  4478 | Bailey   | Found a runed translucent gate.
  4823 | Bailey   | Lost mutation: Your system is resistant to poisons. (rPois)
                  | [potion of mutation]
  4823 | Bailey   | Lost mutation: You expend magic power (3 MP) to strengthen
                  | your wands. [potion of mutation]
  4823 | Bailey   | Lost mutation: You evolve. [potion of mutation]
  4823 | Bailey   | Gained mutation: Your spells are a little easier to cast,
                  | but a little less powerful. [potion of mutation]
  4823 | Bailey   | Gained mutation: You have sharp toenails. [potion of
                  | mutation]
  4823 | Bailey   | Gained mutation: You are weak. (Str -2) [potion of
                  | mutation]
  4823 | Bailey   | Gained mutation: You are partially covered in molten
                  | scales. (AC +2) [potion of mutation]
  4841 | Bailey   | Noticed a catoblepas
  4841 | Bailey   | an orc warlord changed into a catoblepas
  5341 | D:7      | Reached skill level 1 in Throwing
  5363 | D:7      | Reached XP level 9. HP: 75/75 MP: 8/8
  6474 | D:8      | Noticed a queen bee
  6495 | D:8      | Killed a queen bee
  6524 | D:8      | Reached skill level 10 in Axes
  6883 | D:8      | Learned a level 1 spell: Apportation
  7078 | D:8      | Found a bloodstained altar of Trog.
  7130 | D:8      | Reached XP level 10. HP: 86/86 MP: 9/9
  7346 | D:8      | Reached skill level 1 in Maces & Flails
  7759 | D:9      | Found a shattered altar of Ashenzari.
  7845 | D:9      | You fall through a shaft!
  7845 | D:10     | Entered Level 10 of the Dungeon
  7980 | D:9      | Reached skill level 5 in Maces & Flails
  7982 | D:9      | Reached skill level 10 in Shields
  8490 | D:10     | Noticed a cyan ugly thing
  8491 | D:10     | Noticed a white ugly thing
  8494 | D:10     | Noticed a white ugly thing
  8497 | D:10     | Noticed a cyan ugly thing
  8521 | D:10     | Slain by a cyan ugly thing

Skill      XL: |  1  2  3  4  5  6  7  8  9 10 |
---------------+-------------------------------+-----
Fighting       | 4 5 7 8 |  8.1
Shields        | 4 5 6 7 9 10 | 10.0
Axes           | 3 4 5 7 9 10 | 10.5
Armour         | 4 5 6 7 |  7.9
Dodging        | 1 2 3 4 |  4.7
Throwing       | 1 |  1.8
Maces & Flails | 5 |  5.3
Stealth        | |  0.6
Evocations     | |  0.6

Action                   |  1- 3 |  4- 6 |  7- 9 | 10-12 || total
-------------------------+-------+-------+-------+-------++-------
Melee: War axe           |    79 |   133 |   293 |    16 ||   521
       Headbutt          |    12 |    22 |    55 |    37 ||   126
       Kick              |       |       |    38 |    59 ||    97
       Mace              |       |       |     7 |   149 ||   156
Throw: Tomahawk          |       |       |    18 |       ||    18
Evoke: Wand              |       |       |     3 |       ||     3
  Use: Potion            |       |     2 |    10 |       ||    12
       Scroll            |       |     6 |     6 |     2 ||    14
  Eat: Chunk             |       |     4 |     7 |     1 ||    12
       Ration            |       |       |     3 |     1 ||     4
Armor: Scale mail        |    50 |    65 |   147 |    50 ||   312
Dodge: Dodged            |    29 |    46 |   145 |    50 ||   270
Block: Shield            |    44 |    61 |   240 |    95 ||   440
